[Event "Titled Tuesday Blitz March 28 Late 2023"]
[White "koteRV1610"]
[Black "Darini, Pouria"]
[BlackFideId "12502200"]
[WhiteElo "2285"]
[BlackElo "2482"]
[Result "0-1"]
[Round "02"]
[TimeControl "180+2"]
[Date "2023.03.28"]
[WhiteClock "0:00:17"]
[BlackClock "0:00:07"]

1. e4 c5 2. Nf3 Nc6 3. d4 cxd4 4. Nxd4 Nf6 5. Nc3 d6 6. Bg5 e6 7. Qd2 a6 8. Nxc6 bxc6 9. O-O-O Bb7 10. f4 Qa5 11. Kb1 O-O-O 12. e5 h6 13. Bh4 dxe5 14. Qxd8+ Qxd8 15. Rxd8+ Kxd8 16. fxe5 g5 17. Bf2 Ng4 18. Bg3 Bg7 19. Ne4 Bxe5 20. Be2 Bxg3 21. hxg3 Ne5 22. Nxg5 c5 23. Nf3 Ng4 24. Rh5 f5 25. Kc1 Ke7 26. Nh4 Rg8 27. Bxg4 Rxg4 28. Rxh6 Bd5 29. Rg6 Re4 30. Kd2 Rd4+ 31. Ke3 Rd1 32. b3 Re1+ 33. Kd2 Rg1 34. Rg7+ Kf6 35. Ra7 Bxg2 36. Rxa6 Bd5 37. c4 Be4 38. Ra5 Rxg3 39. Rxc5 Rg4 40. Nxf5 exf5 41. a4 Rg2+ 42. Ke3 Rg3+ 43. Kf2 Rxb3 44. a5 f4 45. Rb5 Ra3 46. c5 Ra2+ 47. Kf1 Bd3+ 48. Ke1 Bxb5 0-1


[Site "https://www.chess.com"]

[Event "Titled Tuesday Blitz March 28 Late 2023"]
[White "Manukyan, Sargis A."]
[Black "Prieto Aranguren, Alain"]
[WhiteFideId "13303970"]
[BlackFideId "2268906"]
[WhiteElo "2187"]
[BlackElo "2209"]
[Result "1-0"]
[Round "02"]
[TimeControl "180+2"]
[Date "2023.03.28"]
[WhiteClock "0:01:21"]
[BlackClock "0:00:03"]

1. d4 d5 2. c4 e6 3. Nc3 Nf6 4. Bg5 Be7 5. cxd5 exd5 6. e3 O-O 7. Bd3 h6 8. Nf3 hxg5 9. Nxg5 c6 10. h4 Re8 11. h5 Ne4 12. Ngxe4 dxe4 13. Nxe4 Bf5 14. h6 Qa5+ 15. Kf1 Bf8 16. hxg7 Bxg7 17. Qf3 Nd7 18. Rh5 Bxe4 19. Bxe4 Qa6+ 20. Kg1 Nf6 21. Rg5 Nxe4 22. Rg4 Qd3 23. Rd1 Qc2 24. g3 Re6 25. Kg2 Rae8 26. Rh1 Rf6 27. Rf4 Rxf4 28. gxf4 Qxf2+ 29. Qxf2 Nxf2 30. Kxf2 Re6 31. Kf3 Rg6 32. b4 Rh6 33. Rb1 Rh2 34. a4 Ra2 35. b5 cxb5 36. axb5 Bf8 37. Rc1 Ra5 38. b6 axb6 39. Rc7 b5 40. Rxb7 b4 41. e4 Kg7 42. f5 Ra8 43. Kf4 Rd8 44. Ke3 Re8 45. e5 Rd8 46. e6 Rc8 47. Rxf7+ Kg8 48. Rb7 Rc3+ 49. Ke4 b3 50. f6 Rc1 51. Rxb3 Re1+ 52. Kd5 Rf1 53. Rg3+ Kh7 54. e7 Bxe7 55. fxe7 Re1 56. Kd6 Re4 57. d5 Rg4 58. Rxg4 1-0


[Site "https://www.chess.com"]

[Event "Titled Tuesday Blitz March 28 Late 2023"]
[White "Jaracz, Pawel"]
[Black "Fajdetic, Hrvoje"]
[WhiteFideId "1102222"]
[BlackFideId "14501945"]
[WhiteElo "2438"]
[BlackElo "2185"]
[Result "1-0"]
[Round "02"]
[TimeControl "180+2"]
[Date "2023.03.28"]
[WhiteClock "0:00:22"]
[BlackClock "0:00:28"]

1. d4 e6 2. Bf4 f5 3. e3 Nf6 4. Be2 b6 5. h3 Bb7 6. Nf3 Bd6 7. Bxd6 cxd6 8. Nbd2 O-O 9. Nc4 Qc7 10. O-O Nc6 11. a4 Ne7 12. a5 b5 13. Na3 a6 14. c4 bxc4 15. Nxc4 Bxf3 16. gxf3 d5 17. Nb6 Rae8 18. f4 Ne4 19. Bxa6 Ng6 20. Rc1 Qd8 21. Kh2 Rf6 22. Rc8 Qe7 23. Rxe8+ Qxe8 24. Bb5 Nf8 25. a6 Qb8 26. a7 Qxa7 27. Na4 Qb8 28. Qe2 g5 29. Rg1 Kh8 30. f3 gxf4 31. Kh1 Rh6 32. Qg2 1-0


[Site "https://www.chess.com"]

[Event "Titled Tuesday Blitz March 28 Late 2023"]
[White "Da Silva Junior, Sediney Mari"]
[Black "Popov, Mikhail"]
[WhiteFideId "2132079"]
[BlackFideId "4146182"]
[WhiteElo "1977"]
[BlackElo "2270"]
[Result "0-1"]
[Round "02"]
[TimeControl "180+2"]
[Date "2023.03.28"]
[WhiteClock "0:01:39"]
[BlackClock "0:00:38"]

1. e4 e6 2. Nf3 d5 3. e5 c5 4. b4 d4 5. bxc5 Bxc5 6. Bc4 Nc6 7. d3 Nge7 8. O-O Ng6 9. Re1 O-O 10. c3 a6 11. Bb2 b5 12. Bb3 Bb7 13. cxd4 Nxd4 14. Nbd2 Nxb3 15. Nxb3 Bb6 16. d4 Qd5 17. Rc1 a5 18. Nc5 Bc6 19. Qb3 Nf4 20. Qxd5 Bxd5 21. Nd7 Rfb8 22. Nxb8 Rxb8 23. a3 Nd3 24. Rb1 Bxf3 25. Re3 Nxb2 26. Rxf3 Bxd4 27. Rb3 Bxe5 28. Kf1 b4 29. Ke2 Bc3 30. R1xb2 Bxb2 31. Rxb2 Kf8 32. axb4 axb4 33. Kd3 Ke7 34. Kc4 Kd6 35. Kb3 e5 36. Rd2+ Ke6 37. f3 f5 38. Rc2 Rb7 39. Rc6+ Kd5 40. Rc8 e4 41. Rd8+ Ke5 42. fxe4 fxe4 43. Re8+ Kd4 44. Rd8+ Ke3 45. Kc2 Ke2 46. Rd7 Rxd7 0-1


[Site "https://www.chess.com"]

[Event "Titled Tuesday Blitz March 28 Late 2023"]
[White "Manelyuk, Daniil"]
[Black "Oliveira, Tiago Batista"]
[WhiteFideId "44173920"]
[BlackFideId "2108291"]
[WhiteElo "2259"]
[BlackElo "1962"]
[Result "1-0"]
[Round "02"]
[TimeControl "180+2"]
[Date "2023.03.28"]
[WhiteClock "0:02:26"]
[BlackClock "0:00:16"]

1. e4 c5 2. Nf3 Nc6 3. d4 cxd4 4. Nxd4 Nf6 5. Nc3 d6 6. Bg5 e6 7. Qd2 Be7 8. f4 Nxd4 9. Qxd4 O-O 10. O-O-O Qa5 11. Kb1 h6 12. Bh4 Re8 13. g4 e5 14. fxe5 dxe5 15. Qe3 Nxg4 16. Qg3 g5 17. Be2 gxh4 18. Qg2 h5 19. h3 f5 20. exf5 Bxf5 21. hxg4 hxg4 22. Bxg4 Bh7 23. Bf5+ Kh8 24. Bxh7 Kxh7 25. Nd5 Rg8 26. Qe4+ 1-0


[Site "https://www.chess.com"]

[Event "Titled Tuesday Blitz March 28 Late 2023"]
[White "Vargas, Mauricio"]
[Black "Perske, Thore"]
[WhiteFideId "4404572"]
[BlackFideId "12902195"]
[WhiteElo "2025"]
[BlackElo "2336"]
[Result "0-1"]
[Round "02"]
[TimeControl "180+2"]
[Date "2023.03.28"]
[WhiteClock "0:00:56"]
[BlackClock "0:01:44"]

1. e4 c6 2. d4 d5 3. e5 Bf5 4. g4 Be4 5. f3 Bg6 6. e6 fxe6 7. h4 h5 8. g5 Qd6 9. Ne2 e5 10. c3 Nd7 11. dxe5 Qxe5 12. Bf4 Qf5 13. Bh3 Qf7 14. O-O Bf5 15. Bxf5 Qxf5 16. Nd2 e5 17. Bg3 Bc5+ 18. Kg2 Ne7 19. a4 Ng6 20. b4 Bb6 21. a5 Bc7 22. Qe1 Ndf8 23. Nd4 Qd7 24. N4b3 Ne6 25. Nc5 Nxc5 26. bxc5 O-O 27. a6 b5 28. Qb1 Nf4+ 29. Bxf4 Rxf4 30. Qg6 Rxh4 31. Rh1 Rxh1 32. Rxh1 Qe8 33. Qxc6 Qxc6 34. Rxh5 Qxa6 35. g6 Qxg6+ 0-1


[Site "https://www.chess.com"]

[Event "Titled Tuesday Blitz March 28 Late 2023"]
[White "Aung Thant Zin"]
[Black "Sjugirov, Sanan"]
[WhiteFideId "13000063"]
[BlackFideId "4189302"]
[WhiteElo "2278"]
[BlackElo "2569"]
[Result "0-1"]
[Round "02"]
[TimeControl "180+2"]
[Date "2023.03.28"]
[WhiteClock "0:00:02"]
[BlackClock "0:01:29"]

1. e4 e5 2. Nf3 d6 3. d4 exd4 4. Nxd4 Nf6 5. Nc3 Be7 6. Be2 O-O 7. O-O Re8 8. Be3 Nbd7 9. Nb3 Bf8 10. f3 Ne5 11. Kh1 Ng6 12. Qd2 h6 13. Rad1 Be6 14. Nd4 Bd7 15. Rfe1 a6 16. Bf1 Qc8 17. a4 b6 18. Bf2 Qb7 19. b3 Rad8 20. Bd3 Ne5 21. Bf1 Ng6 22. Bd3 c6 23. f4 b5 24. axb5 axb5 25. b4 d5 26. e5 Ng4 27. Rb1 Nxf2+ 28. Qxf2 Qb6 29. Nce2 Bc8 30. c3 Ne7 31. Ng3 Ng6 32. Qd2 Nh4 33. Ngf5 Nxf5 34. Bxf5 Bxf5 35. Nxf5 Ra8 36. Ra1 Qc7 37. Nd4 Qd7 38. Rxa8 Rxa8 39. f5 Re8 40. e6 fxe6 41. fxe6 Qc7 42. Qe2 Be7 43. h3 Bf6 44. Qg4 Bxd4 45. cxd4 Qe7 46. Qg6 Rf8 47. Qg4 Rf6 48. Qe2 Rf4 49. Qe5 Rf8 50. Qe2 Rf5 51. Qe3 Rf8 52. Qe5 Re8 53. Qe3 Kh8 0-1


[Site "https://www.chess.com"]

[Event "Titled Tuesday Blitz March 28 Late 2023"]
[White "koncheto"]
[Black "Rustemov, Alexander"]
[BlackFideId "4119002"]
[WhiteElo "2487"]
[BlackElo "2858"]
[Result "0-1"]
[Round "02"]
[TimeControl "180+2"]
[Date "2023.03.28"]
[WhiteClock "0:00:04"]
[BlackClock "0:00:51"]

1. e4 e6 2. d4 d5 3. Nd2 dxe4 4. Nxe4 Bd7 5. Bd3 Bc6 6. Nf3 Nd7 7. c3 Ngf6 8. Qe2 Nxe4 9. Bxe4 Bxe4 10. Qxe4 c6 11. O-O Be7 12. Bf4 O-O 13. Rad1 Qa5 14. a3 Rfe8 15. Rfe1 Rad8 16. Ne5 Qd5 17. Qc2 Nxe5 18. Rxe5 Qc4 19. Re3 Bf6 20. Red3 Qd5 21. h3 Qf5 22. Bg3 Rd7 23. Qe2 Red8 24. Rf3 Qh5 25. b4 b6 26. Re3 Qxe2 27. Rxe2 c5 28. Be5 Bxe5 29. Rxe5 cxd4 30. c4 Rc8 31. c5 bxc5 32. bxc5 Kf8 33. Re4 Rxc5 34. Rexd4 Rxd4 35. Rxd4 Ke7 36. g3 Ra5 37. Rd3 g5 38. Kg2 Ra4 39. Rb3 h5 40. Rd3 Kf6 41. Kf3 h4 42. Kg2 Kg6 43. Kf3 f6 44. Kg2 e5 45. Kf3 hxg3 46. Kxg3 a5 47. Kg2 Kf5 48. Kg3 Rd4 49. Rf3+ Ke6 50. Rb3 a4 51. Rb6+ Kf5 52. Ra6 Rd3+ 53. Kg2 Rxa3 54. Kh2 Ra1 55. Kg2 a3 56. Kh2 e4 57. Kg2 Ke5 58. Kh2 f5 59. Ra5+ Kf4 60. Kg2 a2 61. Ra3 Ke5 62. Ra5+ Kd4 0-1


[Site "https://www.chess.com"]

[Event "Titled Tuesday Blitz March 28 Late 2023"]
[White "Dudzinski, Pawel"]
[Black "Shankland, Sam"]
[WhiteFideId "1117890"]
[BlackFideId "2004887"]
[WhiteElo "2099"]
[BlackElo "2638"]
[Result "0-1"]
[Round "02"]
[TimeControl "180+2"]
[Date "2023.03.28"]
[WhiteClock "0:00:24"]
[BlackClock "0:02:12"]

1. e4 c5 2. c4 g6 3. Nc3 Bg7 4. g3 Nc6 5. Bg2 e6 6. Nge2 Nge7 7. O-O O-O 8. Rb1 d6 9. a3 b6 10. b4 Bb7 11. d3 Qd7 12. Be3 Nd4 13. f4 f5 14. Bf2 Rad8 15. Nxd4 cxd4 16. Nb5 Nc6 17. a4 e5 18. fxe5 dxe5 19. exf5 gxf5 20. Bd5+ Kh8 21. g4 a6 22. Na3 e4 23. gxf5 e3 24. Bh4 Bf6 25. Bxf6+ Rxf6 26. Qh5 Ne5 27. Qh4 Qg7+ 28. Qg3 Bxd5 29. cxd5 Rxd5 30. Rbc1 Qxg3+ 31. hxg3 Nxd3 32. Rc8+ Kg7 33. g4 e2 0-1


[Site "https://www.chess.com"]

[Event "Titled Tuesday Blitz March 28 Late 2023"]
[White "Ashraf, Artin"]
[Black "Vaglio Munoz, Jaime"]
[WhiteFideId "22514805"]
[BlackFideId "6500145"]
[WhiteElo "2188"]
[BlackElo "2199"]
[Result "0-1"]
[Round "02"]
[TimeControl "180+2"]
[Date "2023.03.28"]
[WhiteClock "0:00:04"]
[BlackClock "0:00:11"]

1. b3 d5 2. Bb2 Nf6 3. Nf3 Bf5 4. e3 h6 5. Be2 e6 6. O-O Be7 7. Ne5 O-O 8. f4 Nbd7 9. d3 Nxe5 10. fxe5 Nd7 11. Nd2 Bc5 12. d4 Bb6 13. c4 c6 14. Ba3 Re8 15. Bf3 Nf8 16. Kh1 Qg5 17. Qe2 Rad8 18. Bd6 f6 19. b4 fxe5 20. Bxe5 Ng6 21. Bg3 a6 22. c5 Ba7 23. e4 dxe4 24. Nxe4 Bxe4 25. Qxe4 Bb8 26. Bf2 Qf4 27. g3 Qxe4 28. Bxe4 Ne7 29. a3 e5 30. dxe5 Bxe5 31. Rad1 Bb2 32. a4 Bc3 33. Rb1 Nd5 34. Bxd5+ Rxd5 35. b5 axb5 36. axb5 Re2 37. bxc6 bxc6 38. Rb6 Rdd2 39. Bg1 Bd4 40. Rb8+ Kh7 41. Rd8 Bxg1 42. Rxd2 Rxd2 43. Kxg1 Rd5 44. Rc1 Rf5 45. Kg2 h5 46. h3 g5 47. g4 hxg4 48. hxg4 Re5 49. Kf3 Kg6 50. Rc2 Kf6 51. Rc1 Ke6 52. Rc2 Kd5 53. Rc1 Kd4 54. Ra1 Rxc5 55. Rc1 Rxc1 0-1


[Site "https://www.chess.com"]

[Event "Titled Tuesday Blitz March 28 Late 2023"]
[White "Gokerkan, Cem Kaan"]
[Black "Urbina Perez, Juan Antonio"]
[WhiteFideId "6336760"]
[BlackFideId "2217368"]
[WhiteElo "2365"]
[BlackElo "2197"]
[Result "0-1"]
[Round "02"]
[TimeControl "180+2"]
[Date "2023.03.28"]
[WhiteClock "0:00:05"]
[BlackClock "0:00:05"]

1. e4 c5 2. c3 Nf6 3. e5 Nd5 4. d4 cxd4 5. Bc4 Nb6 6. Bb3 d6 7. Nf3 Nc6 8. e6 Bxe6 9. Bxe6 fxe6 10. cxd4 g6 11. h4 Bg7 12. h5 Nd5 13. Nc3 Qb6 14. Qe2 Nxd4 15. Nxd4 Qxd4 16. O-O Nxc3 17. bxc3 Qe5 18. Qf3 Qd5 19. Qg4 O-O 20. hxg6 Qf5 21. gxh7+ Kh8 22. Qh4 Bf6 23. Qb4 b6 24. Be3 Rac8 25. Rac1 Kxh7 26. g3 Kg7 27. Kg2 Rh8 28. Rh1 Qd5+ 29. f3 Qxa2+ 30. Bf2 Rc4 31. Qb5 Rc5 32. Qb4 Qd2 33. Rxh8 Kxh8 34. Rh1+ Kg7 35. Qe4 Rf5 36. Qxe6 Qd3 37. f4 Qd5+ 38. Qxd5 Rxd5 39. Ra1 Rd2 40. Rxa7 Kf7 41. c4 Bd4 42. Kf3 Bxf2 43. Rb7 Bc5 44. g4 Rd3+ 45. Ke4 Rd4+ 46. Kf5 Rxc4 47. g5 d5 48. g6+ Kg7 49. Kg5 Bd6 50. f5 Bf4+ 51. Kh5 Bd6 52. Kg5 Rf4 53. Rxb6 Rf2 54. Rb7 Rg2+ 55. Kh5 Kf6 56. Rb5 d4 57. Rd5 Rh2+ 58. Kg4 Rd2 59. Kf3 Rd3+ 60. Ke4 Rd1 61. Ra5 d3 62. Ra8 d2 63. Rf8+ Kg7 64. Rf7+ Kg8 65. Kd3 Bf4 66. f6 exf6 67. Rxf6 Rf1 68. Rxf4 d1=Q+ 0-1


[Site "https://www.chess.com"]

[Event "Titled Tuesday Blitz March 28 Late 2023"]
[White "Wagner, Dennis"]
[Black "Ansh M Shah"]
[WhiteFideId "24650684"]
[BlackFideId "25033379"]
[WhiteElo "2470"]
[BlackElo "2084"]
[Result "1-0"]
[Round "02"]
[TimeControl "180+2"]
[Date "2023.03.28"]
[WhiteClock "0:00:27"]
[BlackClock "0:00:11"]

1. d4 Nf6 2. Nf3 g6 3. Bf4 d6 4. h3 Bg7 5. Nbd2 O-O 6. c3 b6 7. e3 Bb7 8. Bd3 Nbd7 9. a4 a6 10. Qe2 Re8 11. Bh2 e5 12. dxe5 dxe5 13. e4 Nh5 14. O-O Nf4 15. Bxf4 exf4 16. Bc4 Qe7 17. Rfe1 Ne5 18. Nxe5 Bxe5 19. Nf3 Kg7 20. Rad1 a5 21. Bd5 Ba6 22. Qc2 Rad8 23. Bc6 Rf8 24. Qb3 Rxd1 25. Rxd1 Be2 26. Rd7 Qf6 27. Nxe5 Qxe5 28. Bd5 f3 29. Bxf7 Qf4 30. Bg8+ Kh6 31. Rxh7+ Kg5 32. Qd5+ Rf5 33. Qd8+ Rf6 34. h4+ Kg4 35. Qd7+ Rf5 36. exf5 Qc1+ 37. Kh2 Qf1 38. fxg6+ Kf4 39. g3+ Ke5 40. Qe6# 1-0


[Site "https://www.chess.com"]

[Event "Titled Tuesday Blitz March 28 Late 2023"]
[White "Goraj, Barbara"]
[Black "Papasimakopoulos, Alexandros"]
[WhiteFideId "21816166"]
[BlackFideId "4244125"]
[WhiteElo "2074"]
[BlackElo "2359"]
[Result "0-1"]
[Round "02"]
[TimeControl "180+2"]
[Date "2023.03.28"]
[WhiteClock "0:00:45"]
[BlackClock "0:01:10"]

1. d4 e6 2. c4 Nf6 3. Nc3 Bb4 4. Nf3 c5 5. d5 exd5 6. cxd5 O-O 7. a3 Ba5 8. Bg5 h6 9. Bh4 d6 10. Qa4 Bxc3+ 11. bxc3 a6 12. c4 Bf5 13. e3 Nbd7 14. Be2 b5 15. cxb5 axb5 16. Qxb5 Qa5+ 17. Qxa5 Rxa5 18. O-O Rfa8 19. Bg3 Ne4 20. Nh4 Nxg3 21. hxg3 Be4 22. Bf3 Bd3 23. Rfd1 c4 24. e4 g6 25. Rdc1 Nc5 26. e5 Nb3 27. exd6 Nxa1 28. Rxa1 Rxa3 29. Rxa3 Rxa3 30. d7 Ra8 31. d6 Rd8 32. Bc6 c3 33. Nf3 c2 0-1


[Site "https://www.chess.com"]

[Event "Titled Tuesday Blitz March 28 Late 2023"]
[White "Itkis, Boris"]
[Black "Domingo Nunez, Ruben"]
[WhiteFideId "1209167"]
[BlackFideId "22245570"]
[WhiteElo "2216"]
[BlackElo "2404"]
[Result "1-0"]
[Round "02"]
[TimeControl "180+2"]
[Date "2023.03.28"]
[WhiteClock "0:00:02"]
[BlackClock "0:00:01"]

1. c4 g6 2. Nf3 Bg7 3. d4 d6 4. g3 Nd7 5. d5 Ngf6 6. Bg2 O-O 7. O-O c5 8. dxc6 bxc6 9. Nd4 Ne5 10. Nxc6 Nxc6 11. Bxc6 Bh3 12. Bg2 Bxg2 13. Kxg2 Qc8 14. Qd3 Nd7 15. Na3 Rb8 16. Rb1 Ne5 17. Qd5 e6 18. Qe4 f5 19. Qc2 Qc6+ 20. f3 Rfc8 21. b3 d5 22. Bf4 Qa6 23. Bxe5 Bxe5 24. Qc1 Qd6 25. Rd1 Qc5 26. Rd3 Bd6 27. Nc2 Be7 28. Qe3 dxc4 29. Qxe6+ Kf8 30. Rc3 Rc6 31. Qe3 Qa5 32. Rd1 Qxa2 33. Rd7 Re8 34. Nd4 Rf6 35. Ne6+ Kg8 36. Nc7 f4 37. gxf4 Ref8 38. Qxe7 R6f7 39. Qe6 cxb3 40. Rxf7 Rxf7 41. Nd5 b2 42. Rc8+ Kg7 43. Qe5+ Kh6 44. Qg5+ Kg7 45. Qe5+ Kh6 46. Rg8 Rf5 47. Qe7 1-0


[Site "https://www.chess.com"]

[Event "Titled Tuesday Blitz March 28 Late 2023"]
[White "Piesik, Piotr"]
[Black "Eggleston, Thomas A"]
[WhiteFideId "1136194"]
[BlackFideId "412139"]
[WhiteElo "2311"]
[BlackElo "2155"]
[Result "1-0"]
[Round "02"]
[TimeControl "180+2"]
[Date "2023.03.28"]
[WhiteClock "0:00:20"]
[BlackClock "0:00:02"]

1. Nf3 e6 2. g3 f5 3. Bg2 Nf6 4. O-O d5 5. d3 c6 6. Nbd2 Bd6 7. e4 Nbd7 8. exf5 exf5 9. Re1+ Kf8 10. Ng5 Nb6 11. a4 h6 12. Ne6+ Bxe6 13. Rxe6 Kf7 14. Re2 Rf8 15. a5 Nbd7 16. a6 b6 17. Nf3 Kg8 18. Nd4 Qc8 19. Nxf5 Qc7 20. Nxd6 Qxd6 21. Bf4 Qc5 22. Qd2 Rae8 23. Rae1 Rxe2 24. Rxe2 b5 25. Bh3 d4 26. b4 Qh5 27. Be6+ Kh8 28. Kg2 Re8 29. Re1 Nf8 30. Bb3 Rxe1 31. Qxe1 Ng6 32. Bb8 Qg5 33. Kf1 Qf5 34. Qe6 Qf3 35. h3 Kh7 36. Bxa7 Qh1+ 37. Ke2 Qc1 38. Bxd4 Nd5 39. Bxd5 Qxc2+ 40. Kf1 cxd5 41. Qe2 Qb1+ 42. Kg2 1-0


[Site "https://www.chess.com"]

[Event "Titled Tuesday Blitz March 28 Late 2023"]
[White "Melikyan, Gnel"]
[Black "olga-belka"]
[WhiteFideId "54109990"]
[WhiteElo "2138"]
[BlackElo "2281"]
[Result "1-0"]
[Round "02"]
[TimeControl "180+2"]
[Date "2023.03.28"]
[WhiteClock "0:00:49"]
[BlackClock "0:00:36"]

1. Na3 d5 2. c4 c6 3. e3 g6 4. b3 Bg7 5. d4 Nf6 6. Nf3 O-O 7. Bd3 a5 8. O-O Na6 9. h3 Nb4 10. Be2 Ne4 11. Bb2 a4 12. Nc2 axb3 13. Nxb4 bxa2 14. cxd5 cxd5 15. Qb3 Be6 16. Rxa2 Qb6 17. Ra3 Rac8 18. Nxd5 Qxb3 19. Nxe7+ Kh8 20. Rxb3 Bxb3 21. Nxc8 Rxc8 22. Bd3 Nd6 23. Ra1 h6 24. Ra7 Bc2 25. Bf1 Be4 26. Ba3 Nc4 27. Bc5 Bd5 28. Bxc4 Bxc4 29. Rxb7 Bd5 30. Ra7 Rb8 31. Ra1 Rb2 32. Bd6 Kh7 33. Bg3 Bf6 34. Ra5 Be4 35. Ra7 Kg7 36. Be5 Bxf3 37. Bxf6+ Kxf6 38. gxf3 h5 39. Kg2 Rd2 40. h4 Ke6 41. Ra6+ Ke7 42. Ra4 f6 43. Ra7+ Ke6 44. Rg7 Kf5 45. e4+ Ke6 46. d5+ Ke5 47. Rxg6 1-0


[Site "https://www.chess.com"]

[Event "Titled Tuesday Blitz March 28 Late 2023"]
[White "Skaric, Djuro"]
[Black "Volkov, Maksim"]
[WhiteFideId "934569"]
[BlackFideId "54123070"]
[WhiteElo "2282"]
[BlackElo "2312"]
[Result "0-1"]
[Round "02"]
[TimeControl "180+2"]
[Date "2023.03.28"]
[WhiteClock "0:00:47"]
[BlackClock "0:00:48"]

1. g3 d5 2. Bg2 Bg4 3. d3 Nf6 4. h3 Bh5 5. Nf3 e6 6. O-O Be7 7. Nc3 O-O 8. Ne5 Nbd7 9. Nxd7 Qxd7 10. g4 Bg6 11. e4 c6 12. e5 Ne8 13. f4 f5 14. g5 h6 15. h4 hxg5 16. fxg5 Bc5+ 17. d4 Bb4 18. h5 Qf7 19. hxg6 Qxg6 20. Ne2 c5 21. c3 Ba5 22. Qe1 cxd4 23. Nxd4 Kf7 24. Qg3 Nc7 25. Be3 Rh8 26. Ne2 Rh5 27. Nf4 Rxg5 28. Qh3 Qh6 29. Qxh6 gxh6 30. Nh3 Rg3 31. Rf3 Rg4 32. Kh2 Rag8 33. Rg1 h5 34. Bf1 a6 35. Nf4 Nb5 36. a4 Nc7 37. Bh3 Rxg1 38. Bxg1 h4 39. Bf2 Ne8 40. Nd3 Rh8 41. b4 Bc7 42. a5 Ng7 43. Bd4 Nh5 44. Kg2 Rg8+ 45. Kf2 Ng3 46. Nf4 Ne4+ 47. Ke3 Rg1 48. Nxd5 exd5 49. Rxf5+ Ke7 50. Rh5 Rg3+ 51. Ke2 Rxh3 52. Rh7+ Kd8 53. e6 Bd6 54. Bb6+ Ke8 55. Rxb7 Rxc3 56. Bd4 Rc4 57. b5 axb5 58. Bb6 h3 59. a6 Ra4 60. a7 h2 61. Rh7 Ng3+ 62. Kd3 h1=Q 0-1


[Site "https://www.chess.com"]

[Event "Titled Tuesday Blitz March 28 Late 2023"]
[White "Bongo Akanga Ndjila, Barthelemy"]
[Black "Freitag, Manfred"]
[WhiteFideId "10609431"]
[BlackFideId "1602004"]
[WhiteElo "1768"]
[BlackElo "2275"]
[Result "0-1"]
[Round "02"]
[TimeControl "180+2"]
[Date "2023.03.28"]
[WhiteClock "0:01:08"]
[BlackClock "0:02:15"]

1. d4 Nf6 2. c4 g6 3. Nc3 Bg7 4. e4 d6 5. Be2 O-O 6. Nf3 e5 7. O-O Nc6 8. d5 Ne7 9. Ne1 Nd7 10. g4 f5 11. f3 Kh8 12. Ng2 Ng8 13. h4 Bf6 14. g5 Bg7 15. Be3 f4 16. Bf2 h6 17. gxh6 Nxh6 18. b4 Nf6 19. c5 Nh5 20. cxd6 cxd6 21. Rc1 Bf6 22. Nb5 Ng3 23. Re1 Bxh4 24. Nc7 Rb8 25. Ne6 Bxe6 26. dxe6 Nxe2+ 27. Qxe2 Bg3 28. Red1 Qe7 29. Rd5 Qxe6 30. Rc7 Rf7 31. Rxf7 Nxf7 32. Bxa7 Rc8 33. Bf2 Ng5 34. Qd2 Nh3+ 35. Kf1 Nxf2 36. Rxd6 Qc4+ 37. Ke1 Qc1+ 38. Qxc1 Rxc1+ 39. Ke2 Rc2+ 40. Kf1 Nh3 41. Rxg6 Rf2+ 42. Ke1 Rxg2+ 43. Kd1 Rxa2 44. Rb6 Ng5 45. Rxb7 Nxf3 46. b5 Bf2 47. b6 Be3 48. Rb8+ Kg7 49. b7 Rd2+ 50. Kc1 Rd8+ 0-1


[Site "https://www.chess.com"]

[Event "Titled Tuesday Blitz March 28 Late 2023"]
[White "Adan Bermudez, Sergio"]
[Black "Coelho, Ramyres Santana"]
[WhiteFideId "2292726"]
[BlackFideId "2120690"]
[WhiteElo "2292"]
[BlackElo "1888"]
[Result "1-0"]
[Round "02"]
[TimeControl "180+2"]
[Date "2023.03.28"]
[WhiteClock "0:01:24"]
[BlackClock "0:00:02"]

1. c4 Nf6 2. Nc3 e5 3. Nf3 d6 4. g3 g6 5. Bg2 Bg7 6. O-O O-O 7. Rb1 Nc6 8. b4 Nd4 9. Ne1 c5 10. bxc5 dxc5 11. Bxb7 Bxb7 12. Rxb7 Qc8 13. Rb1 Qh3 14. f3 Nh5 15. Ne4 Qe6 16. Nxc5 Qxc4 17. Ned3 Qxa2 18. Bb2 Qd5 19. e3 Ne6 20. Nxe6 Qxe6 21. Bc3 Rfd8 22. Nf2 a5 23. Qa4 Qd5 24. Ne4 f5 25. Rb5 Qd3 26. Qb3+ Kh8 27. Ng5 Ra7 28. Rb8 Bf6 29. Nf7+ Rxf7 30. Rxd8+ Qxd8 31. Qxf7 Qe7 32. Qxe7 Bxe7 33. Bxe5+ Kg8 34. Ra1 Bb4 35. Bc3 Bxc3 36. dxc3 Nf6 37. Rxa5 Kf7 38. Kf2 Ke6 39. Ra6+ Ke5 40. Rxf6 Kxf6 41. Ke2 Ke5 42. Kd3 Kd5 43. c4+ Kc5 44. Kc3 g5 45. e4 fxe4 46. fxe4 h5 47. h3 1-0


[Site "https://www.chess.com"]

[Event "Titled Tuesday Blitz March 28 Late 2023"]
[White "Gholami Orimi, Mahdi"]
[Black "Villalba, Marcelo"]
[WhiteFideId "12558486"]
[BlackFideId "3701859"]
[WhiteElo "2363"]
[BlackElo "2191"]
[Result "1-0"]
[Round "02"]
[TimeControl "180+2"]
[Date "2023.03.28"]
[WhiteClock "0:01:41"]
[BlackClock "0:00:03"]

1. d4 Nf6 2. c4 e6 3. Nc3 d5 4. cxd5 exd5 5. Bg5 Nbd7 6. e3 c6 7. Bd3 Be7 8. Nge2 Nh5 9. Bxe7 Qxe7 10. Qc2 g6 11. O-O O-O 12. Rae1 Ndf6 13. Nc1 Be6 14. f3 Rfd8 15. Nb3 b6 16. Qf2 c5 17. Bb1 c4 18. Nd2 Rab8 19. h3 b5 20. e4 b4 21. Nxd5 Bxd5 22. exd5 Qc7 23. f4 Nxd5 24. f5 Ng3 25. Nxc4 Nxf1 26. Qxf1 Re8 27. Ne5 f6 28. Be4 Ne3 29. Rxe3 fxe5 30. fxg6 exd4 31. gxh7+ Kh8 32. Qf6+ Qg7 33. Qxg7+ Kxg7 34. Rg3+ Kh8 35. Bf5 Rbd8 36. Kf2 d3 37. Rxd3 Rxd3 38. Bxd3 Re5 39. g4 Kg7 40. h4 a5 41. g5 a4 42. Kf3 a3 43. bxa3 bxa3 44. Kf4 Rd5 45. Be4 Rd2 46. h5 Rxa2 47. h6+ Kh8 48. g6 Rf2+ 49. Ke5 1-0


[Site "https://www.chess.com"]

[Event "Titled Tuesday Blitz March 28 Late 2023"]
[White "Sargsyan, Shant"]
[Black "Tymrakiewicz, Rafal"]
[WhiteFideId "13306766"]
[BlackFideId "1108832"]
[WhiteElo "2628"]
[BlackElo "2151"]
[Result "1-0"]
[Round "02"]
[TimeControl "180+2"]
[Date "2023.03.28"]
[WhiteClock "0:01:05"]
[BlackClock "0:00:03"]

1. b3 g6 2. Bb2 Nf6 3. Nf3 Bg7 4. e3 O-O 5. Be2 b6 6. O-O Bb7 7. d4 d6 8. c4 e6 9. Nc3 Nbd7 10. Qc2 Qe7 11. Rad1 c6 12. e4 Rac8 13. h3 Rfd8 14. e5 Ne8 15. Ne4 d5 16. Nc3 f6 17. exf6 Nexf6 18. Rfe1 Qf8 19. Bf1 Re8 20. Ng5 Qd6 21. cxd5 exd5 22. Nf3 c5 23. Nb5 Qb8 24. dxc5 Nxc5 25. Rxe8+ Rxe8 26. Nbd4 Nfe4 27. Re1 Qd6 28. Nb5 Qd7 29. Bxg7 Qxg7 30. b4 Ne6 31. Nxa7 Rf8 32. Nb5 Nf4 33. Nbd4 Qd7 34. Qb3 Kg7 35. a4 h6 36. a5 bxa5 37. bxa5 g5 38. a6 Ba8 39. Qb2 Kh7 40. Qb5 Qc8 41. Qb6 g4 42. Qa7+ Kh8 43. Ne5 gxh3 44. Nf7+ Rxf7 45. Qxf7 Qg4 46. Qf8+ Kh7 47. Qf5+ Qxf5 48. Nxf5 hxg2 49. Bxg2 Nxg2 50. Kxg2 d4 51. Nxd4 Nc3+ 52. f3 1-0


[Site "https://www.chess.com"]

[Event "Titled Tuesday Blitz March 28 Late 2023"]
[White "Makarian, Rudik"]
[Black "Ozalp, Burak"]
[WhiteFideId "44105681"]
[BlackFideId "6314210"]
[WhiteElo "2436"]
[BlackElo "2106"]
[Result "1-0"]
[Round "02"]
[TimeControl "180+2"]
[Date "2023.03.28"]
[WhiteClock "0:02:15"]
[BlackClock "0:00:48"]

1. e4 e5 2. Nf3 Nc6 3. Bc4 Nf6 4. d3 h6 5. a4 Bc5 6. c3 d6 7. b4 Nxb4 8. cxb4 Bxb4+ 9. Bd2 Bc5 10. Be3 Bb4+ 11. Nbd2 c6 12. Bxf7+ Kf8 13. Qb3 a5 14. Nh4 d5 15. Bg6 Nxe4 16. dxe4 Qxh4 17. exd5 Qf6 18. Be4 Bf5 19. Bxf5 Qxf5 20. O-O g5 21. dxc6 bxc6 22. Rac1 Rc8 23. Bc5+ Kg7 24. Bxb4 axb4 25. Qxb4 Rhd8 26. Ne4 c5 27. Nxc5 Rb8 28. Qe4 Qxe4 29. Nxe4 Rd4 30. Nc5 Kf6 31. Rfd1 Rdb4 32. Nd7+ 1-0


[Site "https://www.chess.com"]